Unix NetHack Version 5.0.0-0 post-release - last build Jun 10 2026 00:39:30 (3ee93aec679c4c4259841fe613dc97188e26a321,branch:main).

Game began 2026-06-21 12:55:16, ended 2026-06-22 07:48:16.

LDaviesPeters, neutral female human Archeologist

                    -------------------------------------
                  --..*........*..*.........*............|
                  |..----------------#------------------.|
             ------..|.             ...                |.--
             |..--...|.-----       -.....              |.[--    -----.|
             |.......|.|...|   |   |......             |...|    ..|...
 ----        --......#.|...|   |.  |......+          | |...|  -.....-
 |..|        --......|.|..[|    .  |.`....|          |.#...---.....--
 |..|        |....--.|.|`.[|   --.--. ....-          - |.|..........|
 --.|        |..--- .|.--*--   -.....`.....            |`|..........|
  |.|        |..--- .|`..).`    ....{ ...%..           |..........---
  |.|      ---....| .|.--.--      .o.--...--           |..........|
  |.|    ---......-|.|.|...|   -----@| ....            |...---....-
  |.|    |.........|.|.|...|   |..`|%| .%..            |...|   .....
  |.|  ---...<.......|.|.[.|   |.`..%| ._..            |.|.-----......
  |.|---.......(.....|.|.(.|   |...|.|  ...          | |.|.>..| -......-
  |.|-..%--..........|.-------------.-  ---- ---------.|......-- --.....-
  |.|...--|..........|..............`.. `..............#.......|   -.....
  |.....| |........|[--[--------#------------ ----------..---.--    ------
  ----.-- ---.-----|.*............`                  `...--  --
     ---    ---     -----                            ----
LDaviesPeters the Investigator  St:13 Dx:10 Co:18 In:15 Wi:16 Ch:9  Neutral
Dlvl:7  $:0  HP:0(72) Pw:38(38) AC:5  Xp:7 T:6340 

Latest messages:
 You kill it!
 There is a hill orc corpse here; eat it? [ynq] (n) n
 There is a partly eaten Woodland-elf corpse here; eat it? [ynq] (n) y
 You resume your meal.
 It bites!
 You stop eating the Woodland-elf corpse.
 You miss it.
 It bites!
 It bites!
 You lash it.
 It bites!
 You kill it!
 You hear a mumbled curse.
 It misses!
 You lash it.
 It bites!
 You hear a mumbled curse.
 You lash it.
 It bites!
 It bites!
 You kill it!
 There is a hill orc corpse here; eat it? [ynq] (n) n
 There is a partly eaten Woodland-elf corpse here; eat it? [ynq] (n) y
 You resume your meal.
 You hear a mumbled curse.
 You hear a mumbled curse.
 You finish eating the Woodland-elf corpse.
 What do you want to remove? [vBIK or ?*] B
 You were wearing a blindfold.
 You can see again.
 Aigrisaakh of Ogbaneuruk points at you, then curses.
 You lash Aigrisaakh of Ogbaneuruk!
 Aigrisaakh of Ogbaneuruk points at you, then curses.
 You lash Aigrisaakh of Ogbaneuruk!
 Aigrisaakh of Ogbaneuruk points all around, then curses.
 You kill Aigrisaakh of Ogbaneuruk!
 There are several objects here.
 The orc-captain hits!
 The orc-captain hits again!
 You lash the orc-captain!
 The orc-captain hits!
 The orc-captain hits again!
 You lash the orc-captain!
 The orc-captain hits!
 You die...
 Do you want your possessions identified? [ynq] (y) y
 Do you want to see your attributes? [ynq] (y) y
 Do you want an account of creatures vanquished? [ynaq] (y) n
 Do you want to see your conduct and achievements? [ynq] (y) y
 Do you want to see the dungeon overview? [ynq] (y) n

Inventory:
 Amulets  ('"')
  I - an uncursed amulet versus poison (being worn)
 Weapons  (')')
  N - a +0 dart
  t - 7 cursed -1 darts
  P - 4 +0 daggers
  s - a +0 elven dagger
  a - a blessed +2 bullwhip (weapon in right hand)
 Armor    ('[')
  D - an uncursed +0 dwarvish iron helm (being worn)
  E - an uncursed +0 pair of iron shoes (being worn)
  H - an uncursed very burnt +0 pair of levitation boots
  h - an uncursed +0 leather jacket (being worn)
 Comestibles  ('%')
  z - an uncursed eucalyptus leaf
  d - 2 uncursed food rations
  r - an uncursed lembas wafer
  R - 2 uncursed tripe rations
 Scrolls  ('?')
  F - an uncursed scroll of teleportation
 Rings    ('=')
  v - an uncursed ring of protection from shape changers (on left hand)
  K - an uncursed ring of see invisible (on right hand)
 Wands    ('/')
  x - a wand of lightning (0:3)
  q - a wand of polymorph (0:4)
  S - a wand of striking (0:6)
  o - a wand of striking (0:0)
 Tools    ('(')
  b - an uncursed sack containing 6 items
  B - an uncursed blindfold
  i - a magic marker (0:21)
  l - an uncursed oil lamp
  p - a +0 pick-axe
  u - 6 uncursed tallow candles
  f - a tinning kit (0:43)
 Gems/Stones  ('*')
  Y - an uncursed agate stone
  A - an uncursed worthless piece of violet glass
  g - an uncursed touchstone

Contents of the sack:
  278 gold pieces
  a cursed amulet of change named Cursed
  an uncursed +0 fedora
  an uncursed scroll of destroy armor
  2 uncursed scrolls of enchant armor
  a potion of holy water

LDaviesPeters the Archeologist's attributes:

Background:
 You were an Investigator, a level 7 female human Archeologist.
 You were neutral, on a mission for Camaxtli
 who was opposed by Quetzalcoatl (lawful) and Huhetotl (chaotic).
 You were right-handed.
 You were in the Gnomish Mines, on level 7.
 You entered the dungeon 6340 turns ago.
 You had 1051 experience points, 229 more were needed to attain level 8.

Basics:
 You had 0 out of 72 hit points.
 You had all 38 energy points (spell power).
 Your armor class was 5.
 Your wallet was empty, but
 you had 278 zorkmids stashed away in your pack.
 Autopickup was off.

Final Characteristics:
 Your strength was 13 (limit:18/100).
 Your dexterity was 10 (limit:18).
 Your constitution was 18 (limit:18).
 Your intelligence was 15 (limit:18).
 Your wisdom was 16 (limit:18).
 Your charisma was 9 (limit:18).

Final Status:
 You weren't hungry.
 You were unencumbered.
 You were wielding a whip.
 You had expert skill with whip.

Final Attributes:
 You were piously aligned.
 You were poison resistant.
 You saw invisible.
 You had automatic searching.
 You were stealthy.
 You were protected from shape changers.
 You are dead.

Miscellaneous:
 You didn't encounter any bones levels.
 Total elapsed playing time was 2 hours, 37 minutes and 57 seconds.

Major events:
 Turn
    1: LDaviesPeters the neutral female human Archeologist entered the dungeon
 1585: attained the rank of Field Worker (level 3)
 3190: entered the Gnomish Mines
 4513: attained the rank of Investigator (level 6)
 4907: reached Mine Town
 6340: killed by an orc-captain

Spells:
 Name                 Level Category     Fail Retention
 light                  1   divination    50%   51%-75%
 wizard lock            2   matter        94%  76%-100%
 cure blindness         2   healing       94%  76%-100%

Skills:
 Fighting Skills
   bare handed combat [Unskilled]
   two weapon combat  [Unskilled]
   riding             [Unskilled]
 Weapon Skills
   dagger             [Unskilled]
   knife              [Unskilled]
   pick-axe           [Basic]
   short sword        [Unskilled]
   saber              [Unskilled]
   club               [Unskilled]
   quarterstaff       [Unskilled]
   sling              [Unskilled]
   dart               [Unskilled]
   boomerang          [Unskilled]
   whip               [Expert]
   unicorn horn       [Unskilled]
 Spellcasting Skills
   attack spells      [Unskilled]
   healing spells     [Unskilled]
   divination spells  [Unskilled]
   matter spells      [Unskilled]

Voluntary challenges:
 Character rerolling was not enabled.
 You never genocided any monsters.
 You never polymorphed an object.
 You never changed form.
 You used no wishes.
Achievements:
 You entered a shop.
 You attained the rank of Field Worker.
 You entered the Gnomish Mines.
 You attained the rank of Investigator.
 You entered Minetown.

 The Dungeons of Doom: levels 1 to 6
    Level 1:
       Some fountains.
    Level 2:
       A general store, some fountains.
    Level 3:
       A general store, some fountains.
    Level 4:
       A general store, some fountains.
       Stairs down to The Gnomish Mines.
    Level 5:
       A fountain, a grave.
    Level 6:
       A potion shop.
 The Gnomish Mines: levels 5 to 8
    Level 5:
    Level 6:
    Level 7: <- You were here.
       An altar, a fountain.
       Final resting place for
          you, killed by an orc-captain.
    Level 8:


Vanquished creatures:
  a leather golem
  a giant beetle
  a quivering blob
  a leprechaun
  a dwarf leader
  a Woodland-elf
  a water nymph
  a Mordor orc
 an Uruk-hai
 an orc shaman
  a rock piercer
  a pony
  2 yellow lights
  a violet fungus
  3 gnome leaders
 an elf zombie
  a ghoul
  4 giant ants
  2 floating eyes
  5 dwarves
  a homunculus
  a kobold leader
 15 hill orcs
  4 rothes
  a giant bat
  a monkey
  2 orc zombies
  a wererat
  3 iguanas
  5 killer bees
 an acid blob
  7 hobbits
 13 manes
  2 hobgoblins
  2 giant rats
  3 cave spiders
  a yellow mold
 17 gnomes
  3 geckos
  a jackal
  4 foxes
  a kobold
  a goblin
  4 sewer rats
  4 grid bugs
  3 bats
  4 lichens
  a kobold zombie
  7 newts
144 creatures vanquished.

No species were genocided or became extinct.

Game over:
                       ----------
                      /          \
                     /    REST    \
                    /      IN      \
                   /     PEACE      \
                  /                  \
                  |  LDaviesPeters   |
                  |      278 Au      |
                  |   killed by an   |
                  |   orc-captain    |
                  |                  |
                  |                  |
                  |       2026       |
                 *|     *  *  *      | *
        _________)/\\_//(\/(/\)/\//\/|_)_______

Goodbye LDaviesPeters the Archeologist...

You died in The Gnomish Mines on dungeon level 7 with 4815 points,
and 278 pieces of gold, after 6340 moves.
You were level 7 with a maximum of 72 hit points when you died.

